 Dungeon Crawl Stone Soup version 0.30-a0-989-g0d87f670db (webtiles) character file.

Game seed: 12479724195648964211

1512 DeathPants the Slasher (level 8, -1/42 HPs)
             Began as a Vine Stalker Monk on Apr 2, 2023.
             Was an Initiate of Gozag.
             Killed from afar by a white imp (7 damage)
             ... with a puff of frost
             ... on level 8 of the Dungeon.
             The game lasted 00:14:44 (4076 turns).

DeathPants the Slasher (Vine Stalker Monk)          Turns: 4076, Time: 00:14:45

Health: -1/42      AC:  9    Str: 15    XL:     8   Next: 83%
Magic:  0/13       EV: 13    Int: 10    God:    Gozag
Gold:   1627       SH:  0    Dex: 18    Spells: 3/13 levels left

rFire   . . .      SeeInvis .    a - +2 long sword (elec)
rCold   . . .      Faith    .    (no shield)
rNeg    . . .      Spirit   +    j - +0 robe
rPois   .          Reflect  .    k - +2 helmet
rElec   .          Rampage  .    (no cloak)
rCorr   .                        (no gloves)
Will    +....                    (no boots)
Stlth   +++                      (no amulet)
HPRegen 1.07/turn                m - +4 ring of slaying
MPRegen 0.13/turn                p - +4 ring of protection

@: about to teleport
A: fangs 3, regeneration 1, magic shield, antimagic bite, no potion heal 2
a: Renounce Religion, Potion Petition, Call Merchant, Bribe Branch


You were on level 8 of the Dungeon.
You worshipped Gozag.
Gozag was most pleased with you.
You visited 2 branches of the dungeon, and saw 9 of its levels.

You collected 1627 gold pieces.

Inventory:

Hand Weapons
 a - a +2 long sword of electrocution (weapon)
 v - a +0 rapier
Missiles
 o - 6 boomerangs
 s - 8 poisoned darts
Armour
 j - a +0 robe (worn)
 k - a +2 helmet (worn)
Jewellery
 m - a +4 ring of slaying (left hand)
 n - a ring of flight
 p - a +4 ring of protection (right hand)
Wands
 t - a wand of flame (27) (quivered)
 x - a wand of charming (7)
 y - a wand of polymorph (14)
 A - a wand of digging (7)
Scrolls
 f - 2 scrolls of blinking
 l - 7 scrolls of teleportation
 r - a scroll of brand weapon {unknown}
 u - a scroll of magic mapping {unknown}
Potions
 b - a potion of berserk rage
 d - 2 potions of mutation
 e - 2 potions of magic
 g - a potion of brilliance {unknown}
 h - a potion of lignification {unknown}
 i - a potion of resistance {unknown}
 q - 2 potions of heal wounds {unknown}
 w - a potion of flight {unknown}
 z - a potion of curing {unknown}


   Skills:
 + Level 4.8 Fighting
 * Level 6.4 Long Blades
 - Level 3.3 Dodging
 - Level 4.4 Stealth
 + Level 3.2 Spellcasting
 + Level 3.2 Necromancy
 + Level 3.2 Earth Magic


You had 3 spell levels left.
You knew the following spells:

 Your Spells              Type           Power      Damage    Failure   Level
a - Borgnjor's Vile Clut  Necr/Erth      4%         N/A       90%         5
b - Agony                 Necr           8%         N/A       90%         5

Your spell library contained the following spells:

 Spells                   Type           Power      Damage    Failure   Level
 Dazzling Flash           Conj/Hex       2%         N/A       63%         3
 Silence                  Hex/Air        0%         N/A       100%        5
 Death Channel            Necr           4%         N/A       100%        6
 Haunt                    Necr/Summ      2%         N/A       100%        7
 Infestation              Necr           4%         N/A       100%        8
 Animate Dead             Necr           Unusable   N/A       N/A         4

Dungeon Overview and Level Annotations

Branches:
Dungeon (8/15)             Temple (1/1) D:6
   Lair: D:8-11

Altars:
Ashenzari
Dithmenos
Elyvilon
Fedhas
Gozag
Hepliaklqana
Kikubaaqudgha
Makhleb
Nemelex Xobeh
Okawaru
Qazlal
Ru
Sif Muna
Uskayaw
Vehumet
Wu Jian
Xom
Yredelemnul
Zin
The Shining One

Annotations:
D:6 2 runed translucent doors, AwFulAwFulPlayer's ghost, novice DsGl
D:7 1 transporter
D:8 Joseph


Innate Abilities, Weirdness & Mutations

You have razor-sharp teeth.
Your natural rate of healing is unusually fast.
When hurt, damage is shared between your health and your magic reserves.
Your bite disrupts and absorbs the magic of your enemies.
Potions cannot restore your health.


Message History

The white imp is distracted by your dazzling golden aura.
You hit Joseph. Your bite misses Joseph.
Joseph is lightly wounded.
The white imp is no longer distracted by gold.
Joseph hits you with a +0 quarterstaff.
An electric eel comes into view.
You closely miss Joseph. You bite Joseph! You drain his power.
You feel invigorated.
Joseph is moderately wounded.
Joseph zaps a wand.
The puff of flame hits you!
You barely miss Joseph. Your bite misses Joseph.
Joseph is moderately wounded.
Joseph hits you but does no damage.
The white imp shouts, "Go and return not, thou warped idle-headed beggar!"
You slash Joseph!
Joseph is heavily wounded.
Joseph zaps a wand.
The puff of flame hits you!
You closely miss Joseph. You bite Joseph. You drain his power.
You feel invigorated.
Joseph is heavily wounded.
Joseph hits you with a +0 quarterstaff. The white imp barely misses you.
The water moccasin misses you.
You slash Joseph! You bite Joseph. You drain his power.
You feel invigorated.
Joseph is severely wounded.
The water moccasin bites you.
Joseph zaps a wand.
The puff of flame hits you!
The white imp hits you but does no damage.
As you read the scroll of teleportation, it crumbles to dust.
You feel strangely unstable.
The water moccasin completely misses you.
Joseph hits you with a +0 quarterstaff! The white imp misses you.
The water moccasin bites you.
* * * LOW HITPOINT WARNING * * *
The water moccasin attacks as you move away!
The water moccasin completely misses you.
Joseph hits you with a +0 quarterstaff!
* * * LOW HITPOINT WARNING * * *
The white imp gestures at you. The puff of frost hits you!
You die...
Your body crumbles into a pile of gold.

#.........##.#
#.........##.#
##+####......#
#.####....###
#.......$.#
###.....#.#
##.......#.#
#........#.#
..#.....@5.# .
##.(..S@.#
##....#.#
##.......
#......#♣~≈
#.....#.# ~≈
#......#.# ≈
...####.#.#
.## #.# #


You could see Joseph, a water moccasin and a white imp.

Vanquished Creatures
  Menkaure (D:6)
  A water moccasin (D:7)
  2 ice beasts
  A black bear (D:6)
  A phantom (D:4)
  A gnoll sergeant (D:5)
  A scorpion (D:5)
  7 orc priests
  2 jellies
  2 sleepcaps (D:6)
  4 iguanas
  3 orc wizards
  16 adders
  7 gnolls
  A white imp (D:5)
  2 ufetubi
  A worm (D:2)
  4 dart slugs
  18 orcs
  5 endoplasms
  8 giant cockroaches
  5 hobgoblins
  2 quokkas (D:2)
  A ball python (D:2)
  6 bats
  4 frilled lizards
  5 goblins
  7 kobolds
  4 rats
122 creatures vanquished.

Vanquished Creatures (others)
  A fungus (D:3)
1 creature vanquished.

Grand Total: 123 creatures vanquished

Notes
Turn   | Place    | Note
-------+----------+-------------------------------------------
     0 | D:1      | DeathPants the Vine Stalker Monk began the quest for the
                  | Orb.
     0 | D:1      | Reached XP level 1. HP: 11/11 MP: 2/2
   565 | D:2      | Found a faded altar of an unknown god.
   655 | D:2      | Reached XP level 2. HP: 16/16 MP: 3/3
   682 | D:2      | Reached skill level 3 in Long Blades
   742 | D:2      | Reached XP level 3. HP: 17/19 MP: 4/4
   948 | D:3      | Found a broken altar of Ashenzari.
  1162 | D:2      | Gained mutation: Your natural rate of healing is unusually
                  | fast. [Vine Stalker growth]
  1162 | D:2      | Reached XP level 4. HP: 24/24 MP: 5/5
  1357 | D:3      | Reached XP level 5. HP: 21/28 MP: 4/6
  1651 | D:3      | Reached skill level 4 in Long Blades
  1792 | D:3      | Identified a scroll of acquirement
  1792 | D:3      | Acquired 1011 gold pieces
  1976 | D:3      | Found a hazy altar of Hepliaklqana.
  2177 | D:5      | Entered Level 5 of the Dungeon
  2198 | D:4      | Found a hide-covered altar of Uskayaw.
  2200 | D:4      | Reached XP level 6. HP: 32/32 MP: 7/7
  2453 | D:4      | Learned a level 5 spell: Borgnjor's Vile Clutch
  2563 | D:4      | Reached XP level 7. HP: 37/37 MP: 9/9
  2566 | D:4      | Reached skill level 1 in Necromancy
  2658 | D:4      | Reached skill level 1 in Spellcasting
  2671 | D:4      | Reached skill level 1 in Earth Magic
  2796 | D:5      | Reached skill level 5 in Long Blades
  2884 | D:5      | Found an opulent altar of Gozag.
  2893 | D:5      | Became a worshipper of Gozag Ym Sagoz the Greedy
  2903 | D:5      | Found an ancient bone altar of Kikubaaqudgha.
  3067 | D:5      | Gained mutation: You have razor-sharp teeth. [Vine Stalker
                  | growth]
  3067 | D:5      | Reached XP level 8. HP: 15/42 MP: 5/12
  3108 | D:6      | Noticed AwFulAwFulPlayer's ghost (novice DsGl)
  3108 | D:6      | Found a runed translucent door.
  3291 | D:6      | Found a staircase to the Ecumenical Temple.
  3426 | D:6      | Noticed Menkaure
  3429 | D:6      | Killed Menkaure
  3430 | D:6      | Reached skill level 6 in Long Blades
  3488 | Temple   | Entered the Ecumenical Temple
  3640 | D:6      | Learned a level 5 spell: Agony
  3835 | D:6      | Found a runed translucent door.
  3994 | D:7      | Found a transporter.
  4060 | D:8      | Noticed Joseph
  4076 | D:8      | Killed from afar by a white imp

Illustrated notes

Levels and vault maps discovered:
D:1:      erik_arrival_triangle_small, layout_basic, bh_walls_and_bars
D:2:      layout_loops_cross, nicolae_ecumenical_oubliette, feat_on_display
D:3:      layout_basic, grunt_ashenzari_visionary
          [grunt_ashenzari_visionary_shoals, grunt_ashenzari_visionary_spider],
          mainiacjoe_overflow_boulevard, minmay_vboxes
D:4:      layout_loops_cross, old_standard_altar
D:5:      layout_basic, mainiacjoe_overflow_tiny_flanked,
          mainiacjoe_overflow_paths, small_statue_intersection
D:6:      layout_basic, temple_doors_ab, ebering_ghost_sewer_f, uniq_menkaure
D:7:      layout_cave_pools, nicolae_overflow_two_pavilions, serial_rivers,
          chequers_serial_rivers_room_b, chequers_serial_rivers_room_b,
          chequers_serial_rivers_large_a, chequers_serial_rivers_small_b,
          chequers_serial_rivers_small_b, chequers_serial_rivers_micro_e,
          gammafunk_ghost_smash
D:8:      nzn_winding_woodlands_cross [nzn_winding_woodlands_5x15_parted,
          nzn_winding_woodlands_5x15_lazy_stream,
          nzn_winding_woodlands_5x15_pathside_ponds,
          nzn_winding_woodlands_5x15_river_crossing,
          nzn_winding_woodlands_15x15_eel_pit], layout_basic, enter_bailey_7,
          serial_shops, shop, enter_ossuary_5, minivault_5, uniq_joseph,
          uniq_maurice
Temple:   hellmonk_temple_two_chambers

Skill      XL: |  1  2  3  4  5  6  7  8 |
---------------+-------------------------+-----
Long Blades    | 3 4 5 6 |  6.4
Stealth        | 3 4 |  4.4
Fighting       | 3 4 |  4.8
Dodging        | 3 |  3.3
Necromancy     | 2 3 |  3.2
Spellcasting   | 2 3 |  3.2
Earth Magic    | 2 3 |  3.2

Action                     |  1- 3 |  4- 6 |  7- 9 || total
---------------------------+-------+-------+-------++-------
  Melee: Falchion          |    11 |       |       ||    11
         Short sword       |    10 |       |       ||    10
         Bite              |     9 |    12 |    33 ||    54
         Long sword        |    33 |    77 |    97 ||   207
         Punch             |       |       |     1 ||     1
    Use: Scroll            |       |    13 |     2 ||    15
   Stab: Sleeping          |    10 |     3 |     6 ||    19
         Distracted        |       |       |     1 ||     1
 Armour: Robe              |    12 |    22 |    32 ||    66
  Dodge: Dodged            |    31 |    64 |    41 ||   136

Table legend: (Time is in decaauts)
 A = Elapsed time spent in this place.
 B = Non-inter-level travel time spent in this place.
 C = Inter-level travel time spent in this place.
 D = Time resting spent in this place.
 E = Time spent auto-exploring this place.
 F = Levels seen in this place.
 G = Mean time per level.
                   A        B        C        D        E       F      G
               +--------+--------+--------+--------+--------+-----+--------+
         Total |   4117 |   4012 |    105 |     76 |   2571 |   9 |  457.4 |
       Dungeon |   4096 |   3991 |    105 |     76 |   2564 |   8 |  512.0 |
        Temple |     21 |     21 |      0 |      0 |      7 |   1 |   21.0 |
               +--------+--------+--------+--------+--------+-----+--------+

Top non-repeatable levels by time:
     D:6: 878 daAuts
     D:3: 739 daAuts
     D:2: 729 daAuts
     D:4: 705 daAuts
     D:1: 593 daAuts
     D:5: 335 daAuts
     D:8: 61 daAuts
     D:7: 54 daAuts
  Temple: 21 daAuts
